 Dungeon Crawl Stone Soup version 0.28-a0-447-g1f95980246 (webtiles) character file.

Game seed: 3051775408015785589

158 Shayle the Insei (level 5, -7/40 HPs)
             Began as a Djinni Warper on Sept 13, 2021.
             Shot with a bolt by a kobold (9 damage)
             ... on level 4 of the Dungeon.
             The game lasted 00:08:36 (2742 turns).

Shayle the Insei (Djinni Warper)                    Turns: 2742, Time: 00:08:39

Health: -7/40      AC:  3    Str: 10    XL:     5   Next: 67%
Gold:   97         EV: 11    Int: 17    God:
                   SH:  6    Dex: 11

rFire   + + .      SeeInvis .     - Unarmed
rCold   x . .      Faith    .   i - +2 buckler
rNeg    . . .      Spirit   .   a - +0 leather armour
rPois   ∞          Reflect  .   (helmet restricted)
rElec   .          Harm     .   (no cloak)
rCorr   .          Rampage  .   (no gloves)
Will    +....                   (boots unavailable)
Stlth   +.........              (no amulet)
HPRegen 0.13/turn               (no ring)
MPRegen 0.00/turn               (no ring)

@: flying
A: sickness immunity, fire resistance 2, cold vulnerability 1, float, innate
caster, hp casting, extra vitality 1, horns 1, clever 1, clumsy 1, strong-willed
1
a: no special abilities


You were on level 4 of the Dungeon.
You visited 1 branch of the dungeon, and saw 4 of its levels.

You collected 97 gold pieces.

Inventory:

Missiles
 c - 5 boomerangs of dispersal (quivered)
Armour
 a - a +0 leather armour (worn)
 i - a +2 buckler (worn)
Scrolls
 e - a scroll of vulnerability {unknown}
 f - a scroll of magic mapping {unknown}
 k - a scroll of enchant weapon
 n - a scroll of amnesia {unknown}
Potions
 d - 2 potions of mutation
 h - 2 potions of haste


   Skills:
 + Level 3.0 Fighting
 - Level 0.7 Throwing
 - Level 1.0 Armour
 - Level 2.1 Dodging
 + Level 1.6 Shields
 * Level 3.8 Unarmed Combat
 + Level 3.0 Spellcasting


You couldn't memorise any spells.
You knew the following spells:

 Your Spells              Type           Power      Damage    Failure   Level
a - Blink                 Tloc           N/A        N/A       14%         2
b - Lesser Beckoning      Tloc           12%        N/A       28%         3
c - Gell's Gravitas       Tloc           6%         N/A       28%         3
d - Teleport Other        Tloc           12%        N/A       28%         3
e - Manifold Assault      Tloc           12%        N/A       95%         5
f - Summon Small Mammal   Summ           48%        N/A       10%         1
g - Passwall              Tmut/Erth      10%        N/A       14%         2
Your spell library was empty.

Dungeon Overview and Level Annotations

Branches:
Dungeon (4/15)
 Temple: D:4-7

Altars:

Shops:
D:3 [

Annotations:
D:2 Robin
D:4 Menkaure


Innate Abilities, Weirdness & Mutations

You are immune to sickness and miasma.
You are immune to poison.
Your flesh is very heat resistant. (rF++)
You are vulnerable to cold. (rC-)
You float through the air rather than walking.
You learn spells naturally, not from books.
Your magical power is your life essence.
You have superior vitality. (+4 HP)
You have a pair of small horns on your head.
Your mind is acute. (Int +2)
You are clumsy. (Dex -2)
You are strong-willed. (Will+)


Message History

You smack the dart slug!
You kill the dart slug!
The iguana bites you.
* * * LOW HITPOINT WARNING * * *
You barely miss the iguana.
The iguana is lightly wounded.
You feel yourself slow down.
You hit the iguana but do no damage.
The iguana is lightly wounded.
The iguana bites you but does no damage. x2
Okay, then.
As you read the scroll of fear, it crumbles to dust.
You assume a fearsome visage.
The iguana looks frightened!
The ogre looks frightened!
The adder looks frightened!
Cornered, the ogre turns to fight!
Cornered, the iguana turns to fight!
You hit the iguana but do no damage.
The iguana is lightly wounded.
The iguana bites you.
* * * LOW HITPOINT WARNING * * *
You hit the iguana but do no damage.
The iguana is lightly wounded.
You feel less wooden.
Your +0 leather armour unmelds from your body.
You block the iguana's attack.
As you read the scroll labelled OCKOSHIUTIS, it crumbles to dust.
You hear a loud clanging noise!
It was a scroll of noise.
You hear a shout! x5
You block the iguana's attack.
As you read the scroll labelled WOIFEU LEGE, it crumbles to dust.
You feel strangely unstable.
It was a scroll of teleportation.
The iguana closely misses you.
You see here 24 stones.
Your surroundings suddenly seem different.
A hobgoblin and a kobold come into view.
Found a chain mail.
Found an escape hatch in the ceiling.
The hobgoblin shouts!
The kobold shouts!
The kobold unwields a +0 dagger.
The kobold wields a +0 hand crossbow.
The kobold shoots a bolt.
The bolt hits you!
You die...

# .#
####.## #
##.....#..
##.........
#..........
#..@....<..
#.........K
#.......g..
#..........
#..........
##......[..
##.....#..
#########


You could see a hobgoblin and a kobold.

Vanquished Creatures
  A centaur zombie (D:4)
  A hound (D:4)
  An orc wizard (D:4)
  2 adders (D:3)
  2 dart slugs
  4 endoplasms
  3 giant cockroaches
  5 hobgoblins
  5 kobolds
  2 quokkas
  2 ball pythons
  5 bats
  A frilled lizard (D:1)
  7 goblins
  3 rats (D:1)
44 creatures vanquished.

Vanquished Creatures (collateral kills)
  A frilled lizard (D:2)
1 creature vanquished.

Grand Total: 45 creatures vanquished

Notes
Turn   | Place    | Note
-------+----------+-------------------------------------------
     0 | D:1      | Shayle the Djinni Warper began the quest for the Orb.
     0 | D:1      | Reached XP level 1. HP: 18/18 MP: 0/0
   342 | D:2      | Reached XP level 2. HP: 5/23 MP: 0/0
  1429 | D:2      | Reached XP level 3. HP: 28/28 MP: 0/0
  1429 | D:2      | Learned a level 1 spell: Summon Small Mammal
  1809 | D:2      | Noticed Robin
  2146 | D:3      | Found Teriess's Antique Armour Boutique.
  2355 | D:3      | Reached XP level 4. HP: 28/34 MP: 0/0
  2509 | D:3      | Reached skill level 1 in Shields
  2649 | D:3      | Found a faded altar of an unknown god.
  2662 | D:3      | You are sucked into a shaft and drop 1 floor!
  2662 | D:4      | Noticed Menkaure
  2666 | D:4      | Noticed an ogre
  2694 | D:4      | Gained mutation: Your mind is acute. (Int +2) [potion of
                  | mutation]
  2694 | D:4      | Gained mutation: You have a pair of small horns on your
                  | head. [potion of mutation]
  2694 | D:4      | Gained mutation: You are clumsy. (Dex -2) [potion of
                  | mutation]
  2694 | D:4      | Gained mutation: You are strong-willed. (Will+) [potion of
                  | mutation]
  2701 | D:4      | Reached XP level 5. HP: 9/39 MP: 0/0
  2701 | D:4      | Learned a level 2 spell: Passwall
  2736 | D:4      | HP: 1/60 [iguana (4)]
  2742 | D:4      | Shot with a bolt by a kobold

Illustrated notes

Levels and vault maps discovered:
D:1:      dpeg_arrival_rooms_c, layout_basic, minivault_14, minmay_tetromino_s2
D:2:      layout_rooms, uniq_robin
D:3:      layout_basic, serial_shops, shop, ebering_ecumenical_altar_abandoned,
          chequers_serial_rivers_large_b, hangedman_decor_push,
          minmay_pentangle, uniq_natasha
D:4:      layout_rooms, serial_glass, glass_columns_a, glass_columns_a,
          uniq_menkaure

Skill      XL: |  1  2  3  4  5 |
---------------+----------------+-----
Unarmed Combat | 3 |  3.8
Shields        | 1 |  1.6
Fighting       | 3 |  3.0
Spellcasting   | 3 |  3.0
Throwing       | |  0.7
Armour         | |  1.0
Dodging        | |  2.1

Action                   |  1- 3 |  4- 6 || total
-------------------------+-------+-------++-------
Melee: Unarmed           |   191 |    63 ||   254
 Cast: Summon Small Mamm |     2 |       ||     2
  Use: Scroll            |       |     7 ||     7
       Potion            |       |     4 ||     4
Armor: Leather armour    |    54 |    12 ||    66
       Skin              |       |    24 ||    24
Dodge: Dodged            |    98 |    33 ||   131
Block: Buckler           |    18 |    19 ||    37

Table legend: (Time is in decaauts)
 A = Elapsed time spent in this place.
 B = Non-inter-level travel time spent in this place.
 C = Inter-level travel time spent in this place.
 D = Time resting spent in this place.
 E = Time spent auto-exploring this place.
 F = Levels seen in this place.
 G = Mean time per level.
                   A        B        C        D        E       F      G
               +--------+--------+--------+--------+--------+-----+--------+
         Total |   2730 |   2710 |     20 |    439 |   1625 |   4 |  682.5 |
       Dungeon |   2730 |   2710 |     20 |    439 |   1625 |   4 |  682.5 |
               +--------+--------+--------+--------+--------+-----+--------+

Top non-repeatable levels by time:
     D:1: 1143 daAuts
     D:3: 829 daAuts
     D:2: 691 daAuts
     D:4: 66 daAuts
